 Dungeon Crawl Stone Soup version 0.25-a0-589-g1e14c549ee (webtiles) character file.

Game seed: 3655595857548000025, levelgen mode: deterministic

331 Gynju the Poker (level 6, -7/50 HPs)
             Began as a Demonspawn Gladiator on Mar 12, 2020.
             Was a Plaything of Xom.
             Mangled by an orc priest
             ... wielding a +2 whip of electrocution
              (13 damage)
             ... on level 4 of the Dungeon.
             The game lasted 00:05:49 (4320 turns).

Gynju the Poker (Demonspawn Gladiator)              Turns: 4320, Time: 00:05:49

Health: -7/50      AC:  9    Str: 16    XL:     6   Next: 26%
Magic:  6/6        EV: 10    Int:  9    God:    Xom [.*....]
Gold:   199        SH:  0    Dex: 15    Spells: 5/5 levels left

rFire    . . .     SeeInvis .   a - +0 trident
rCold    . . .     Gourm    .   (no shield)
rNeg     . . .     Faith    .   o - +0 scale mail
rPois    .         Spirit   .   c - +0 helmet
rElec    .         Reflect  .   (no cloak)
rCorr    .         Harm     .   (no gloves)
MR       .....                  (no boots)
Stlth    ..........             (no amulet)
HPRegen  0.16/turn              (no ring)
MPRegen  0.10/turn              (no ring)

@: no status effects
A: thin metallic scales 1, powered by death 1
a: Renounce Religion


You were on level 4 of the Dungeon.
You worshipped Xom.
You were a plaything of Xom.
You were not hungry.

You visited 1 branch of the dungeon, and saw 4 of its levels.

You collected 199 gold pieces.

Inventory:

Hand Weapons
 a - a +0 trident (weapon)
Missiles
 d - 3 throwing nets (quivered)
Armour
 b - a +0 leather armour
 c - a +0 helmet (worn)
 o - a +0 scale mail (worn)
Jewellery
 h - an uncursed ring of positive energy {unknown}
 t - an uncursed ring of flight {unknown}
Scrolls
 e - 5 scrolls of identify {unknown}
 g - 2 scrolls of teleportation {unknown}
 m - 5 scrolls of remove curse {unknown}
 n - 2 scrolls of enchant armour {unknown}
 p - 3 scrolls of noise {unknown}
 r - 3 scrolls of amnesia {unknown}
 s - a scroll of blinking {unknown}
Potions
 i - 3 potions of resistance {unknown}
 j - 4 potions of curing {unknown}
 k - a potion of haste {unknown}
 l - a potion of degeneration {unknown}
 q - a potion of berserk rage {unknown}
Comestibles
 f - 10 rations
 u - a chunk of flesh


   Skills:
 + Level 4.9 Fighting
 + Level 4.9 Polearms
 - Level 1.7 Throwing
 - Level 2.6 Dodging


You had 5 spell levels left.
You didn't know any spells.
Your spell library was empty.

Dungeon Overview and Level Annotations

Branches:
Dungeon (4/15)
 Temple: D:4-7

Altars:
Cheibriados
Dithmenos
Elyvilon
Gozag
Sif Muna
Uskayaw
Xom

Annotations:
D:3 2 transporters, Delarado's ghost, amateur OpFi


Innate Abilities, Weirdness & Mutations

You are partially covered in thin metallic scales. (AC +2)
You regenerate a little health from kills.


Message History

You hit the orc priest but do no damage.
The orc priest is severely wounded.
The orc priest barely misses you.
You hit the orc priest.
The orc priest is almost dead.
The orc priest begins to cast a cantrip, but forgets the words!
You closely miss the orc priest.
The orc priest is almost dead.
The orc priest barely misses you.
You closely miss the orc priest.
The orc priest is almost dead.
The orc priest mumbles some strange prayers to Beogh against you.
Beogh smites you!
* * * LOW HITPOINT WARNING * * *
The orc priest closely misses you.
You closely miss the orc priest.
The orc priest is almost dead.
The orc priest hits you but does no damage.
You are electrocuted!
You die...

# #
##################
#.................
#.###############.
#.# #. #.# #. #.#
######. #@#
.......
#o######.#..#####.
#....oo.... ....#.
##................
#.##.##..o.......
#.# ... ....#.#.
#.# .#.# .# #.#.
#.# .# # #.#. #.#
# .#.#.


You could see an orc priest.

Vanquished Creatures
  3 orc wizards (D:4)
  A bullfrog skeleton (D:4)
  An iguana (D:4)
  A worker ant (D:3)
  5 adders
  An ooze (D:3)
  An adder skeleton (D:4)
  4 worms
  3 dart slugs
  6 leopard geckos
  6 orcs
  11 bats
  4 giant cockroaches
  6 hobgoblins
  10 jackals
  A quokka (D:4)
  A ball python (D:2)
  10 frilled lizards
  8 goblins
  5 kobolds
  6 rats
94 creatures vanquished.

Notes
Turn   | Place    | Note
-------+----------+-------------------------------------------
     0 | D:1      | Gynju the Demonspawn Gladiator began the quest for the Orb.
     0 | D:1      | Reached XP level 1. HP: 16/16 MP: 1/1
   175 | D:1      | Gained mutation: You are partially covered in thin metallic
                  | scales. (AC +2) [demonic ancestry]
   175 | D:1      | Reached XP level 2. HP: 21/23 MP: 2/2
   567 | D:1      | Reached XP level 3. HP: 28/28 MP: 3/3
  1256 | D:2      | Reached XP level 4. HP: 17/35 MP: 4/4
  2164 | D:2      | Found an opulent altar of Gozag.
  2171 | D:2      | Found a shimmering altar of Xom.
  2176 | D:2      | Found a hide-covered altar of Uskayaw.
  2183 | D:2      | Found a snail-covered altar of Cheibriados.
  2188 | D:2      | Found a shadowy altar of Dithmenos.
  2199 | D:2      | Found a shimmering blue altar of Sif Muna.
  2206 | D:2      | Found a white marble altar of Elyvilon.
  2320 | D:2      | Became a worshipper of Xom the Fickle
  2479 | D:3      | Found a transporter.
  2480 | D:3      | Found a transporter.
  2482 | D:3      | Noticed Delarado's ghost (amateur OpFi)
  2689 | D:3      | XOM: silly message
  2748 | D:3      | XOM: silly message
  3166 | D:4      | Reached XP level 5. HP: 42/42 MP: 5/5
  3458 | D:4      | XOM: harmless Pois miscast
  3542 | D:4      | XOM: harmless Fire miscast
  3557 | D:4      | XOM: harmless Chrm miscast
  3761 | D:4      | XOM: harmless Tloc miscast
  4058 | D:4      | XOM: smoke on damage
  4062 | D:4      | XOM: noise
  4065 | D:4      | Gained mutation: You regenerate a little health from kills.
                  | [demonic ancestry]
  4065 | D:4      | Reached XP level 6. HP: 39/49 MP: 6/6
  4100 | D:4      | XOM: noise
  4186 | D:4      | XOM: harmless Necr miscast
  4320 | D:4      | Mangled by an orc priest

Levels and vault maps discovered:
D:1:      nagdon_arrival_double_spiral, layout_basic
D:2:      layout_loops_cross, grunt_temple_overflow_octagram,
          minmay_tromino_v4_a
D:3:      layout_basic, first_ration, gammafunk_ghost_arena, st_stairs_12
D:4:      layout_basic

Skill      XL: |  1  2  3  4 |
---------------+-------------+-----
Polearms       | 3 4 |  4.9
Fighting       | 3 4 |  4.9
Throwing       | |  1.7
Dodging        | |  2.6

Action                   |  1- 3 |  4- 6 || total
-------------------------+-------+-------++-------
Melee: Trident           |   124 |   229 ||   353
 Stab: Sleeping          |     2 |     4 ||     6
  Eat: Chunk             |     1 |    10 ||    11
Armor: Leather armour    |    36 |    42 ||    78
       Scale mail        |       |    27 ||    27
Dodge: Dodged            |    84 |   134 ||   218

Table legend:
 A = Non-vault XP
 B = Vault XP
 C = Vault XP percentage of total XP
 D = Non-vault monster count
 E = Vault monster count
 F = Vault count percentage of total count
                 A         B        C        D         E       F
            +---------+---------+-------+---------+---------+-------
      Total |     459 |      14 |   3.0 |      89 |       5 |   5.3
            +---------+---------+-------+---------+---------+-------
        D:1 |      45 |       0 |   0.0 |      24 |       0 |   0.0
        D:2 |      81 |      13 |  13.8 |      32 |       4 |  11.1
        D:3 |      86 |       1 |   1.1 |      15 |       1 |   6.2
        D:4 |     247 |       0 |   0.0 |      18 |       0 |   0.0
            +---------+---------+-------+---------+---------+-------
